 Dungeon Crawl Stone Soup version 0.32-a0-314-g526f7d4993 (webtiles) character file.

Game seed: 8597361139992199034

380228 snarfax the Slayer (level 21, -5/180 (210) HPs)
             Began as a Minotaur Fighter on Feb 15, 2024.
             Was an Elder of Elyvilon.
             Slain by a vault warden
             ... wielding a +4 glaive of freezing
              (14 damage)
             ... on level 5 of the Vaults.
             The game lasted 02:20:24 (50115 turns).

snarfax the Slayer (Minotaur Fighter)              Turns: 50115, Time: 02:20:24

HP:   -5/180 (210)  AC: 37    Str: 36 (37) XL:     21   Next: 88%
MP:   17/20         EV: 12    Int:  4 (5)  God:    Elyvilon [****..]
Gold: 4739          SH: 25    Dex: 10 (11) Spells: 20/20 levels left

rFire   . . .        u - +8 broad axe (elec)
rCold   + . .        I - +1 tower shield {rPois}
rNeg    . . .        H - +4 plate armour {rC+}
rPois   +            F - +2 hat
rElec   .            w - +1 cloak
rCorr   .            s - +2 pair of gloves
SInv    .            V - +2 pair of boots
Will    +....        X - amulet of reflection Stlth
                     J - ring of Contentment {Wiz +Blink}
HPRegen 0.50/turn    k - +6 ring of strength
MPRegen 0.17/turn

%: reflection, wizardry (x1)
@: hasted, constricted, heavily drained, very quick
A: horns 2, retaliatory headbutt, deterioration 1
}: 2/15 runes: serpentine, barnacled
a: Renounce Religion, Evoke Blink, Purification, Heal Other, Heal Self


You were on level 5 of the Vaults.
You worshipped Elyvilon.
Elyvilon was greatly pleased with you.
You visited 7 branches of the dungeon, and saw 36 of its levels.
You visited 1 bazaar.
You also visited: Ice Cave.

You collected 5991 gold pieces.
You spent 1252 gold pieces at shops.

Inventory:

Hand Weapons
 u - a +8 broad axe of electrocution (weapon)
 T - a +0 broad axe of flaming
Missiles
 g - 2 throwing nets
 A - 9 curare-tipped darts
 B - 28 javelins
 D - 39 poisoned darts (quivered)
Armour
 s - a +2 pair of gloves (worn)
 w - a +1 cloak (worn)
 y - a +1 tower shield of cold resistance
 F - a +2 hat (worn)
 H - a +4 plate armour of cold resistance (worn)
 I - a +1 tower shield of poison resistance (worn)
 V - a +2 pair of boots (worn)
Jewellery
 a - a ring of see invisible
 k - a +6 ring of strength (right hand)
 p - a ring of poison resistance
 t - a ring of resist corrosion
 v - a ring of willpower
 J - the ring of Contentment (left hand) {Wiz +Blink}
   (You found it on level 4 of the Shoals)

   [ring of wizardry]

   Wiz:       It improves your spell success rate.
   +Blink:    It lets you blink.
 R - a ring of positive energy
 W - a +6 ring of dexterity
 X - an amulet of reflection (around neck)
Wands
 q - a wand of paralysis (20)
 Y - a wand of mindburst (25)
 Z - a wand of acid (34)
Scrolls
 c - 3 scrolls of fog
 h - 9 scrolls of teleportation
 i - 3 scrolls of silence
 m - 5 scrolls of revelation
 n - a scroll of immolation
 x - 2 scrolls of blinking
 G - 3 scrolls of poison
 K - a scroll of summoning
 L - 2 scrolls of fear
Potions
 b - 2 potions of haste
 d - 9 potions of might
 e - 6 potions of mutation
 f - 8 potions of enlightenment
 j - 4 potions of invisibility
 l - 2 potions of ambrosia
 r - 5 potions of magic
 C - 2 potions of cancellation
 E - 6 potions of lignification
 N - 3 potions of resistance
 P - 12 potions of curing
Miscellaneous
 o - a sack of spiders (inert)
 S - a condenser vane (inert)


   Skills:
 * Level 22.8 Fighting
 + Level 21.6 Axes
 - Level 22.0 Armour
 + Level 19.1 Dodging
 * Level 18.8 Shields
 - Level 7.0 Evocations


You had 20 spell levels left.
You didn't know any spells.
Your spell library contained the following spells:

 Spells                   Type           Power      Damage    Failure   Level
 Sandblast                Erth           0%         2d4       67%         1
 Shock                    Conj/Air       0%         1d3       67%         1
 Sting                    Conj/Alch      0%         1d3       67%         1
 Summon Small Mammal      Summ           0%         N/A       67%         1
 Mercury Vapours          Alch/Air       0%         N/A       80%         2
 Call Canine Familiar     Summ           0%         N/A       95%         3
 Frozen Ramparts          Ice            0%         1d1       95%         3
 Hailstorm                Conj/Ice       0%         3d5       95%         3
 Passwall                 Erth           0%         N/A       95%         3
 Stone Arrow              Conj/Erth      0%         3d7       95%         3
 Summon Ice Beast         Ice/Summ       0%         N/A       95%         3
 Swiftness                Air            0%         N/A       95%         3
 Tukima's Dance           Hex            0%         N/A       95%         3
 Airstrike                Air            0%         2d(0-16)  100%        4
 Animate Armour           Summ/Erth      0%         N/A       100%        4
 Brom's Barrelling Bould  Conj/Erth      0%         2d3       100%        4
 Leda's Liquefaction      Alch/Erth      0%         N/A       100%        4
 Olgreb's Toxic Radiance  Alch           0%         N/A       100%        4
 Passage of Golubria      Tloc           0%         N/A       100%        4
 Petrify                  Alch/Erth      0%         N/A       100%        4
 Summon Blazeheart Golem  Fire/Summ      0%         N/A       100%        4
 Summon Lightning Spire   Summ/Air       0%         N/A       100%        4
 Vhi's Electric Charge    Tloc/Air       0%         N/A       100%        4
 Alistair's Intoxication  Alch           0%         N/A       100%        5
 Arcjolt                  Conj/Air       0%         1d10      100%        5
 Borgnjor's Vile Clutch   Necr/Erth      0%         N/A       100%        5
 Lee's Rapid Deconstruct  Erth           0%         3d4*      100%        5
 Metabolic Englaciation   Hex/Ice        0%         N/A       100%        5
 Yara's Violent Unravell  Hex/Alch       0%         3d3       100%        5
 Eringya's Noxious Bog    Alch           0%         4d6       100%        6
 Plasma Beam              Fire/Air       0%         2x1d10    100%        6
 Sculpt Simulacrum        Ice/Alch       0%         N/A       100%        6
 Malign Gateway           Summ/Tloc      0%         N/A       100%        7
 Ozocubu's Refrigeration  Ice            0%         4d7       100%        7
 Discord                  Hex            0%         N/A       100%        8
 Summon Horrible Things   Summ           0%         N/A       100%        8


Dungeon Overview and Level Annotations

Branches:
Dungeon (15/15)            Temple (1/1) D:5            Lair (5/5) D:9
 Shoals (4/4) Lair:3        Snake (4/4) Lair:2        Slime (0/5) Lair:4
    Orc (2/2) D:12            Elf (0/3) Orc:2        Vaults (5/5) D:13
  Crypt (0/3) Vaults:2     Depths (0/4) D:15          IceCv (visited)

Altars:
Ashenzari
Dithmenos
Elyvilon
Fedhas
Gozag
Hepliaklqana
Kikubaaqudgha
Makhleb
Nemelex Xobeh
Okawaru
Qazlal
Ru
Sif Muna
Trog
Uskayaw
Vehumet
Wu Jian
Xom
Yredelemnul
The Shining One

Shops:
D:10 ((   Orc:1 ?(   Orc:2 =(*[   Snake:1 ==:   Vaults:4 (

Portals:
Abyss: D:4

Annotations:
D:3 2 transporters
D:4 2 transporters, arrowrainking's ghost, amateur GrBe
D:10 2 transporters
D:12 1 runed translucent door
Vaults:4 3 runed translucent doors, Xajash's ghost, adept NaEn


Innate Abilities, Weirdness & Mutations

You have a pair of horns on your head.
You reflexively headbutt those who attack you in melee.
Your body sometimes deteriorates upon taking damage.


Message History

The deep elf death mage casts a spell at you.
The bolt of negative energy hits you!!
You feel drained.
* * * LOW HITPOINT WARNING * * *
You block the tengu reaver's attack. The tengu reaver closely misses you.
The tengu reaver claws you but does no damage.
The tentacled monstrosity tentacle-slaps you but does no damage.
You block the tentacled monstrosity's attack. x2
The tentacled monstrosity constricts you.
* * * LOW HITPOINT WARNING * * *
Unknown command.
You feel yourself speed up.
The vault warden hits you but does no damage.
You block the vault warden's attack. The tengu reaver misses you.
You block the tengu reaver's attack. x2
The deep elf death mage gestures at you while chanting.
The bolt of negative energy hits you!
You feel drained.
* * * LOW HITPOINT WARNING * * *
You block the tentacled monstrosity's attack.
The tentacled monstrosity tentacle-slaps you!
* * * LOW HITPOINT WARNING * * *
The tentacled monstrosity tentacle-slaps you.
* * * LOW HITPOINT WARNING * * *
The tentacled monstrosity constricts you.
* * * LOW HITPOINT WARNING * * *
You feel much better. You block the vault warden's attack.
You are healed.
You block the vault warden's attack.
The tengu reaver hits you with a +2 long sword of electrocution!
You block the tengu reaver's attack. x2
The deep elf death mage beckons forth restless souls!
You block the tentacled monstrosity's attack.
The tentacled monstrosity tentacle-slaps you!!
* * * LOW HITPOINT WARNING * * *
Your body deteriorates!
You feel dopey.
The tentacled monstrosity closely misses you.
The tentacled monstrosity constricts you.
You fail to use your ability.
The vault warden hits you with a +0 war axe!!
* * * LOW HITPOINT WARNING * * *
The vault warden hits you from afar with a +4 glaive of freezing!
You die...

.......
#..... #....#
.....#
#....##
##.)...###
####pp.......
##
#...pX*.##...
. #..##e@*##
. #. ##Q## #
##.# #. ##
#..# #..##)
#......##
#.... e..####
#. . #####
..... .....


You could see a tentacled monstrosity (strong), 2 vault wardens, a tengu reaver
(repels missiles), a deep elf death mage (strong), an ironbound convoker
(strong) and 2 lost souls.

Vanquished Creatures
  A golden dragon (Vaults:4)
  A lich (Vaults:5)
  5 tentacled monstrosities (Vaults:4)
  The ghost of Noblape the Bludgeoner, an adept OnBe of Trog (Snake:3)
  3 titans
  Rupert (D:12)
  3 sphinxes
  A kraken (Shoals:3)
  Kirke (Shoals:1)
  2 tengu reavers
  Aizul (Snake:1)
  A shadow dragon (Vaults:5)
  A daeva (Vaults:3)
  A nagaraja (Snake:4)
  A fire giant (Vaults:5)
  A draconian knight (IceCv)
  A frost giant (D:14)
  2 deep elf sorcerers (Vaults:4)
  Louise (Shoals:1)
  11 vault wardens
  An angel (Vaults:3)
  2 orc warlords
  A cacodemon (Vaults:4)
  18 ironbound preservers
  6 very ugly things
  4 ironbound thunderhulks
  Nessos (D:12)
  A formless jellyfish (Vaults:1)
  A stone giant (Vaults:4)
  5 white draconians (IceCv)
  3 war gargoyles
  3 deep elf annihilators
  4 dire elephants
  An ettin (Vaults:5)
  6 merfolk javelineers
  2 fire dragons (D:15)
  4 merfolk impalers
  A deep elf high priest (Vaults:5)
  The ghost of Newt the Fighter, a journeyman GrFi of Okawaru (D:12)
  38 vault guards
  13 yaktaur captains
  2 entropy weavers
  The ghost of Drazool the Cleaver, a journeyman MDFE of Sif Muna (Lair:1)
  3 salamander tyrants (Snake:4)
  Erolcha (D:12)
  Fannar (D:10)
  5 great orbs of eyes
  An ogre mage (Vaults:4)
  4 ironbound frosthearts
  5 hydras
  6 merfolk avatars
  A catoblepas (D:13)
  11 anacondas
  2 alligator snapping turtles
  4 centaur warriors
  A satyr (Shoals:4)
  4 death yaks (Lair:4)
  4 merfolk aquamancers
  14 naga warriors
  A deep troll earth mage (D:12)
  5 boulder beetles
  3 two-headed ogres
  Urug (Lair:3)
  A death knight (D:15)
  A tengu warrior (D:12)
  3 orc high priests (Orc:2)
  6 hell knights (Vaults:5)
  12 shock serpents
  22 naga sharpshooters
  A skyshark (shapeshifter) (Vaults:4)
  Sonja (Orc:2)
  A titan skeleton (Vaults:4)
  Amaemon (D:10)
  6 skysharks
  7 salamander mystics
  2 goliath frogs (Lair:5)
  7 sea snakes
  10 skeletal warriors
  19 mana vipers
  2 glowing orange brains (Vaults:4)
  2 flayed ghosts
  39 deep trolls
  11 naga ritualists
  2 arcanists (Vaults:3)
  3 deep elf pyromancers
  An orange crystal statue (IceCv)
  4 phantasmal warriors
  15 ironbound convokers
  18 harpies
  A deep elf archer (Vaults:5)
  4 orc knights
  15 lindwurms
  5 necromancers
  2 orc sorcerers
  8 ugly things
  34 black mambas
  10 fauns
  An oklob plant (Lair:2)
  15 salamanders
  10 merfolk sirens
  5 cyclopes
  A human skeleton (Vaults:4)
  10 manticores
  3 kobold blastminers (Orc:2)
  5 elephants (Lair:5)
  7 guardian serpents
  12 water nymphs
  13 naga magi
  25 cane toads
  An orange demon (D:10)
  14 vault sentinels
  4 storm dragon simulacra (IceCv)
  16 yaktaurs
  An unseen horror zombie (D:8)
  3 rime drakes
  A freezing wraith (D:15)
  An elf skeleton (Vaults:4)
  An anaconda simulacrum (Snake:3)
  6 komodo dragons
  10 golden dragon simulacra (IceCv)
  4 wind drakes
  26 merfolk
  A queen bee (shapeshifter) (D:14)
  A tyrant leech (Lair:5)
  4 trolls
  9 polar bears
  4 alligator simulacra (Snake:3)
  5 dream sheep (Lair:4)
  38 blink frogs
  8 snapping turtles
  7 water elementals
  A jumping spider (Vaults:1)
  5 shadows
  2 vampires (D:12)
  10 slime creatures
  A dire elephant simulacrum (Snake:3)
  47 yaks
  7 wraiths
  4 wyverns
  20 humans (D:13)
  3 hogs (Shoals:1)
  4 steam dragons
  A warg (Orc:1)
  2 redbacks
  2 basilisks (Lair:1)
  15 vampire mosquitoes
  A redback simulacrum (D:14)
  A harpy simulacrum (Snake:3)
  43 nagas
  10 water moccasins
  3 acid dragons
  31 orc warriors
  A swamp drake (Lair:2)
  A laughing skull (D:14)
  2 sky beasts
  A hornet zombie (D:8)
  14 black bears
  4 ice beasts
  5 ice dragon simulacra (IceCv)
  13 centaurs
  8 ogres
  14 wolves
  A phantom (D:5)
  3 kobold brigands
  19 bullfrogs
  3 scorpions
  A deep troll simulacrum (Snake:3)
  7 wights
  6 killer bees (D:9)
  2 lindwurm simulacra (IceCv)
  2 howler monkeys
  5 electric eels
  3 bombardier beetles
  A human simulacrum (Vaults:4)
  2 centaur zombies (D:8)
  6 jellies
  17 orc priests
  23 orc wizards
  A sleepcap (D:5)
  3 iguanas
  4 hell rats (Lair:1)
  A statue (D:9)
  3 killer bee zombies (D:8)
  11 gnolls
  12 adders
  A white imp (D:7)
  2 ufetubi (D:5)
  71 orcs
  4 endoplasms
  2 giant cockroaches
  14 goblins
  7 hobgoblins
  3 quokkas
  4 ball pythons
  4 bats
  7 frilled lizards
  18 kobolds
  6 rats
  6 tentacles (Shoals:3)
1345 creatures vanquished.

Vanquished Creatures (collateral kills)
  A sphinx (Vaults:5)
  A vault guard (Vaults:5)
  An orc high priest (Orc:2)
  2 orc sorcerers
  A troll (Orc:2)
  A slime creature (D:14)
  7 orc warriors
  A centaur (D:14)
  4 orc priests
  6 orc wizards (Orc:2)
  16 orcs
41 creatures vanquished.

Vanquished Creatures (others)
  A naga sharpshooter (Snake:3)
  2 orc knights (Orc:2)
  3 humans (Shoals:1)
  2 orc warriors (Orc:2)
  An orc priest (Orc:2)
  2 orc wizards (Orc:2)
  2 orcs (Orc:2)
  5 foxfires (Lair:1)
  10 tentacles (Shoals:3)
28 creatures vanquished.

Grand Total: 1414 creatures vanquished

Notes
Turn   | Place    | Note
-------+----------+-------------------------------------------
     0 | D:1      | snarfax the Minotaur Fighter began the quest for the Orb.
     0 | D:1      | Reached XP level 1. HP: 19/19 MP: 0/0
    37 | D:1      | Reached XP level 2. HP: 27/27 MP: 1/1
   146 | D:1      | Reached XP level 3. HP: 33/33 MP: 2/2
   708 | D:2      | Reached XP level 4. HP: 40/40 MP: 3/3
  1205 | D:3      | Found a transporter.
  1314 | D:3      | Reached XP level 5. HP: 47/47 MP: 4/4
  1368 | D:3      | Found a transporter.
  1872 | D:4      | Found a sacrificial altar of Ru.
  1912 | D:4      | Noticed a small abomination
  1915 | D:4      | Found a one-way gate to the infinite horrors of the Abyss.
  1915 | D:4      | Noticed arrowrainking's ghost (amateur GrBe)
  1928 | D:4      | Found a transporter.
  2010 | D:4      | Reached skill level 5 in Axes
  2050 | D:4      | Reached XP level 6. HP: 13/55 MP: 5/5
  2217 | D:4      | Found a transporter.
  2226 | D:4      | Reached skill level 5 in Armour
  2226 | D:4      | Reached skill level 5 in Shields
  2237 | D:4      | Reached skill level 5 in Fighting
  2715 | D:4      | Identified a scroll of acquirement
  2715 | D:4      | Acquired 1314 gold pieces
  2724 | D:5      | Entered Level 5 of the Dungeon
  2806 | D:5      | Reached XP level 7. HP: 61/61 MP: 6/6
  3092 | D:5      | Noticed a komodo dragon
  3430 | D:6      | Reached XP level 8. HP: 42/68 MP: 7/7
  3761 | D:6      | Reached skill level 10 in Axes
  4861 | D:6      | Acquired a +2 broad axe of electrocution
  5054 | D:7      | Reached XP level 9. HP: 74/74 MP: 8/8
  6342 | D:8      | Reached skill level 15 in Axes
  6444 | D:8      | Found an iron altar of Okawaru.
  6455 | D:8      | Found a glowing golden altar of the Shining One.
  6842 | D:8      | Reached XP level 10. HP: 62/81 MP: 9/9
  7129 | D:8      | Found an opulent altar of Gozag.
  7307 | D:8      | Found a hide-covered altar of Uskayaw.
  7454 | D:9      | Reached skill level 1 in Dodging
  7852 | D:9      | Found a staircase to the Lair.
  8238 | D:9      | Found a radiant altar of Vehumet.
  8636 | D:5      | Found a staircase to the Ecumenical Temple.
  8642 | Temple   | Entered the Ecumenical Temple
  8649 | Temple   | Became a worshipper of Elyvilon the Healer
  8790 | D:10     | Entered Level 10 of the Dungeon
  8861 | D:10     | Noticed an orange demon
  8863 | D:10     | Noticed Amaemon
  8869 | D:10     | Killed an orange demon
  8875 | D:10     | Killed Amaemon
  8876 | D:10     | Reached XP level 11. HP: 75/92 MP: 10/10
  8953 | D:10     | Noticed Fannar
  8963 | D:10     | Killed Fannar
  9024 | D:10     | Found Dahoic's Weapon Shop.
  9099 | D:10     | Found Neselyir's Antique Weapon Shoppe.
  9109 | D:10     | Found a transporter.
  9213 | D:10     | Noticed a stone giant
  9214 | D:10     | Noticed a boulder beetle
  9215 | D:10     | Noticed a red ugly thing
  9219 | D:10     | Found a transporter.
  9438 | D:11     | Reached * piety under Elyvilon
  9703 | D:11     | You fall into a shaft and drop 2 floors!
  9708 | D:13     | Identified the amulet "Goicusk" {Spirit rF+ Int+3}
  9719 | D:13     | Noticed a centaur warrior
  9727 | D:13     | Killed a centaur warrior
  9728 | D:13     | Reached skill level 5 in Dodging
 10035 | D:12     | Noticed Rupert
 10036 | D:12     | Noticed Erolcha
 10051 | D:12     | Killed Rupert
 10069 | D:12     | Found a staircase to the Orcish Mines.
 10070 | D:12     | Killed Erolcha
 10315 | D:11     | Reached ** piety under Elyvilon
 10475 | D:11     | Noticed a two-headed ogre
 10481 | D:11     | Killed a two-headed ogre
 10618 | D:11     | Reached XP level 12. HP: 86/105 MP: 7/11
 10619 | D:11     | Identified the +0 scale mail of Gluttony {rN+}
 11268 | Lair:1   | Entered Level 1 of the Lair of Beasts
 11331 | Lair:1   | Reached skill level 10 in Fighting
 11364 | Lair:1   | Reached skill level 10 in Armour
 11885 | Lair:1   | Reached *** piety under Elyvilon
 12008 | Lair:1   | Found a runed translucent door.
 12269 | Lair:1   | Noticed Drazool's ghost (journeyman MDFE)
 12628 | Lair:2   | You fall into a shaft and drop 1 floor!
 12655 | Lair:3   | Found a staircase to the Shoals.
 12845 | Lair:3   | Reached **** piety under Elyvilon
 12994 | Lair:3   | Noticed a seven-headed hydra
 13007 | Lair:3   | Killed a seven-headed hydra
 13140 | Lair:3   | Reached XP level 13. HP: 117/117 MP: 12/12
 13408 | Lair:3   | Noticed Urug
 13420 | Lair:3   | Killed Urug
 13421 | Lair:3   | Reached skill level 10 in Dodging
 14094 | Lair:4   | Found a staircase to the Slime Pits.
 14311 | Lair:4   | Reached ***** piety under Elyvilon
 14413 | Lair:4   | Identified the +4 halberd "Cutsiqiun" {pain, MP+9 Int+3}
 14704 | Lair:5   | Entered Level 5 of the Lair of Beasts
 15074 | Lair:5   | Reached XP level 14. HP: 40/130 MP: 13/13
 16179 | Lair:5   | Identified the +1 halberd "Denumm" {venom, *Rage rElec rN+
                  | Str+5}
 16184 | Lair:5   | Identified the orb of Impressiveness {mayhem, rC- rN+
                  | Int+5}
 16678 | Lair:2   | Found a staircase to the Snake Pit.
 17195 | Lair:1   | Killed Drazool's ghost
 17451 | D:13     | Reached skill level 15 in Fighting
 17583 | D:13     | Identified the +2 robe of Bonnoblu {Str+3 Int+4 Slay-4}
 17661 | D:13     | Reached skill level 15 in Armour
 17867 | D:13     | Found a gate to the Vaults.
 18403 | D:14     | Noticed a frost giant
 18432 | D:14     | Killed a frost giant
 18539 | D:14     | Noticed a tengu reaver
 18549 | D:14     | Killed a tengu reaver
 18799 | D:14     | Identified the ring of Qyhij {rN++ rCorr Dex+8 Slay-2}
 18801 | D:14     | Identified the ring "Ifanohag" {Wiz Str+2}
 18821 | D:14     | Reached XP level 15. HP: 111/139 MP: 14/14
 19525 | D:14     | Reached ****** piety under Elyvilon
 19579 | D:14     | Found a sacrificial altar of Ru.
 19808 | D:15     | Entered Level 15 of the Dungeon
 20126 | D:15     | Found a staircase to the Depths.
 21103 | Orc:1    | Entered Level 1 of the Orcish Mines
 21322 | Orc:2    | Entered Level 2 of the Orcish Mines
 21322 | Orc:2    | Noticed Sonja
 21421 | Orc:2    | Killed Sonja
 22645 | Orc:2    | Paralysed by an orc sorcerer for 3 turns
 23299 | Orc:2    | Paralysed by an orc sorcerer for 4 turns
 23592 | Orc:2    | Paralysed by an orc sorcerer for 3 turns
 24106 | Orc:2    | Found a staircase to the Elven Halls.
 24176 | Orc:2    | Found Laeng's Antique Armour Emporium.
 24177 | Orc:2    | Found Muwn's Antique Weapon Emporium.
 24179 | Orc:2    | Found Celov's General Store.
 24179 | Orc:2    | Found Maneant's Jewellery Shoppe.
 24536 | Orc:1    | Found Kaygacaf's Magic Scroll Boutique.
 24537 | Orc:1    | Found Cetyill's Antique Weapon Shop.
 24544 | Orc:1    | Bought a scroll of enchant weapon for 105 gold pieces
 24544 | Orc:1    | Bought a scroll of summoning for 133 gold pieces
 24544 | Orc:1    | Bought a scroll of enchant armour for 105 gold pieces
 24544 | Orc:1    | Bought a scroll of blinking for 105 gold pieces
 24823 | D:12     | Noticed Nessos
 24926 | D:12     | Killed Nessos
 24927 | D:12     | Reached skill level 15 in Dodging
 25456 | D:12     | Found a runed translucent door.
 25457 | D:12     | Noticed Newt's ghost (journeyman GrFi)
 25457 | D:12     | Noticed a lich
 25469 | D:12     | Noticed a tengu reaver
 25480 | D:12     | Killed Newt's ghost
 25896 | D:12     | Killed a tengu reaver
 25980 | D:12     | Found a runed translucent door.
 26323 | Shoals:1 | Entered Level 1 of the Shoals
 26324 | Shoals:1 | Found a runed translucent door.
 26738 | Shoals:1 | Reached XP level 16. HP: 156/156 MP: 15/15
 26859 | Shoals:1 | Noticed Louise
 26867 | Shoals:1 | Killed Louise
 26870 | Shoals:1 | Identified the +3 ring mail of Odurphant {Stlth+}
 26935 | Shoals:1 | Noticed Kirke
 26945 | Shoals:1 | Killed Kirke
 29633 | Shoals:3 | Found an ornate altar of the Wu Jian Council.
 29638 | Shoals:3 | Noticed a kraken
 29695 | Shoals:3 | Killed a kraken
 29945 | Shoals:4 | Entered Level 4 of the Shoals
 31014 | Shoals:4 | Found the +13 scythe of Curses {drain, curses, ^Drain}
 31357 | Shoals:4 | Reached XP level 17. HP: 141/166 MP: 13/16
 31710 | Shoals:4 | Identified the ring of Contentment {Wiz +Blink}
 31928 | Shoals:4 | Got a barnacled rune of Zot
 32055 | Snake:1  | Entered Level 1 of the Snake Pit
 32136 | Snake:1  | Reached skill level 1 in Evocations
 32590 | Snake:1  | Found Xoqagi's Book Shop.
 32591 | Snake:1  | Found Anucasawn's Jewellery Shoppe.
 32591 | Snake:1  | Found Vaoxuawk's Jewellery Shoppe.
 32703 | Snake:1  | Identified the serpent talisman of Compression {rC- Will++}
 32703 | Snake:1  | Noticed Aizul
 32727 | Snake:1  | Killed Aizul
 34013 | Snake:2  | Identified the +5 arbalest "Ridaluh" {flame, Str+2}
 34523 | Snake:2  | Reached skill level 10 in Shields
 35527 | Snake:3  | Noticed Noblape's ghost (adept OnBe)
 35530 | Snake:3  | Found a runed translucent door.
 35581 | Snake:3  | Found a glacial archway.
 35606 | IceCv    | Entered an ice cave
 36062 | IceCv    | Identified the +8 shortbow of Lejeplem {flame, Will+ Str+3
                  | Dex-4 SInv}
 36063 | IceCv    | Identified the +5 demon blade "Ecitidd" {venom, +Blink rF+
                  | Will- Dex+5}
 36630 | IceCv    | Identified the ring of Zajy {rF- rC+ MP+9 Str+6}
 36904 | Snake:3  | Reached XP level 18. HP: 155/176 MP: 10/17
 37071 | Snake:3  | Killed Noblape's ghost
 38193 | Snake:4  | Entered Level 4 of the Snake Pit
 38824 | Snake:4  | Identified the +1 rapier of the Lesser Evil {vamp, Will+
                  | Str+3 Int+3}
 39898 | Snake:4  | Reached skill level 5 in Evocations
 40682 | Snake:4  | Got a serpentine rune of Zot
 41661 | Vaults:1 | Entered Level 1 of the Vaults
 42854 | Vaults:1 | Reached XP level 19. HP: 176/185 MP: 7/18
 43478 | Vaults:2 | Found a flickering gateway to a bazaar.
 43495 | Bazaar   | Entered a bazaar
 43495 | Bazaar   | Found Qiqiq's Distillery.
 43501 | Bazaar   | Found Butek's General Store.
 43503 | Bazaar   | Bought a potion of curing for 33 gold pieces
 43503 | Bazaar   | Bought a potion of heal wounds for 55 gold pieces
 43503 | Bazaar   | Bought a potion of curing for 33 gold pieces
 43503 | Bazaar   | Bought a potion of enlightenment for 55 gold pieces
 43503 | Bazaar   | Bought a potion of enlightenment for 55 gold pieces
 43503 | Bazaar   | Bought a potion of curing for 33 gold pieces
 43507 | Bazaar   | Found Yteur's Assorted Antiques.
 43514 | Bazaar   | Found Xilyaliv's Weapon Shop.
 43517 | Bazaar   | Bought a pair of glowing gloves for 270 gold pieces
 43517 | Bazaar   | Bought a pair of glowing gloves for 270 gold pieces
 43538 | Bazaar   | Found Dofef's Armour Shop.
 44831 | Vaults:2 | Found a staircase to the Crypt.
 44831 | Vaults:2 | Found a basalt altar of Yredelemnul.
 44831 | Vaults:2 | Found an ancient bone altar of Kikubaaqudgha.
 45195 | Vaults:3 | Reached skill level 15 in Shields
 45242 | Vaults:3 | Identified the +2 battleaxe of Uwkydaed {flame, rElec rN+
                  | MP+9}
 45281 | Vaults:3 | Identified the +2 battleaxe "Jeigriba" {speed, Int+2 Dex+3}
 45283 | Vaults:3 | Found a glowing golden altar of the Shining One.
 46166 | Vaults:3 | Found a runed translucent gate.
 46166 | Vaults:3 | Found a runed translucent gate.
 46166 | Vaults:3 | Found a runed translucent gate.
 46770 | Vaults:3 | Found a glowing golden altar of the Shining One.
 46854 | Vaults:3 | Identified the staff "Asoufedgh" {rF+ rC+ Ice}
 47020 | Vaults:4 | Reached XP level 20. HP: 118/198 MP: 19/19
 47177 | Vaults:4 | Reached XP level 21. HP: 205/205 MP: 20/20
 47248 | Vaults:4 | Found a runed translucent gate.
 47248 | Vaults:4 | Found a runed translucent gate.
 47248 | Vaults:4 | Found a runed translucent gate.
 47564 | Vaults:4 | Gained mutation: Your body sometimes deteriorates upon
                  | taking damage. [a cacodemon]
 47916 | Vaults:4 | Identified the +0 robe of the Wilderness {rF+}
 48081 | Vaults:4 | Found Feub Vown's Weapon Shoppe.
 48559 | Vaults:4 | Found a runed translucent gate.
 48559 | Vaults:4 | Found a runed translucent gate.
 48609 | Vaults:4 | Noticed Xajash's ghost (adept NaEn)
 48610 | Vaults:4 | Found a runed translucent gate.
 48694 | Vaults:5 | Entered Level 5 of the Vaults
 48700 | Vaults:5 | Noticed a golden dragon
 48730 | Vaults:4 | Killed a golden dragon
 49199 | Vaults:5 | HP: 10/209 [storm dragon/bolt of lightning (31)]
 49655 | Vaults:5 | Noticed a dread lich
 49667 | Vaults:5 | HP: 1/209 [vault warden/+2 heavy bardiche (41)]
 49711 | Vaults:5 | HP: 1/209 [fire giant/bolt of fire (20)]
 49711 | Vaults:5 | Elyvilon protects you from harm!
 49714 | Vaults:5 | Noticed a dread lich
 49716 | Vaults:5 | Elyvilon protects you from harm!
 50115 | Vaults:5 | HP: 9/180 [vault warden/+0 war axe (33)]
 50115 | Vaults:5 | Slain by a vault warden

Illustrated notes

Levels and vault maps discovered:
D:1:      dpeg_arrival_pond, layout_rooms, chequers_serial_rivers_micro_d
D:2:      minmay_skewed_foursquare, layout_basic, st_stairs_7, minivault_23
D:3:      gammafunk_wand_slinger, layout_basic
D:4:      layout_basic, mainiacjoe_overflow_small_starburst,
          gammafunk_ghost_abyssal_escape
D:5:      layout_cave_pools, kennysheep_little_box,
          minmay_temple_entry_statues_pillars
D:6:      layout_gridville, nicolae_water_bricks, serial_bayou_ford_a,
          mrwooster_statue_mirror
D:7:      layout_basic, grunt_decor_one_mirror, minmay_starry_boxes
D:8:      layout_cave_pods, nicolae_overflow_hidden_temple, lemuel_tele_altar,
          serial_undead, serial_undead_d, serial_undead_a, serial_undead_c,
          serial_undead_b, serial_bayou_crossing
D:9:      layout_roguey, vehumet_statue, erik_lair_orcish_takeover
D:10:     gammafunk_the_bubble [the_bubble_gammafunk_plus_minus],
          layout_small_grid, serial_shops, nicolae_shop_statue_plus, shop,
          uniq_amaemon, uniq_fannar
D:11:     nicolae_moon_pools, layout_basic
D:12:     layout_basic, david_orc_3, muffindrake_ghost_dual_entry, uniq_nessos,
          uniq_erolcha, uniq_rupert
D:13:     layout_irregular_city, grunt_vaults_entry_tiered, serial_park_tiny_1
D:14:     minmay_strange_plus, layout_loops_ring, nicolae_ru_awakened_eye
D:15:     grunt_enter_depths_hoard, layout_basic, grunt_decor_resistance
Temple:   nicolae_temple_ecumenical_triangle
Lair:1:   layout_gridlike, ebering_ghost_reflecting_pool,
          dreamdust_mushroom_princess, beast_lair_carwin_5, grunt_megastairs_1,
          infiniplex_staircase_pool_2
Lair:2:   beast_lair_carwin_large_3, layout_regular_city,
          minmay_snake_entry_guardpost_medium, pond, lemuel_fruit_tree,
          lemuel_fruit_fields
Lair:3:   layout_gridlike, minmay_shoals_entry_beasts, uniq_urug
Lair:4:   layout_gridlike, minmay_slime_entry_pillars, grunt_megastairs_2
Lair:5:   minmay_lair_end_frog_pond, layout_regular_city
Shoals:1: layout_shoals, lightli_airlock, uniq_kirke, uniq_louise
Shoals:2: nicolae_shoals_deep_elves_summer_vacation, layout_shoals
Shoals:3: layout_shoals, wheals_shoals_ruined_temple
Shoals:4: shoals_end_hangedman, layout_shoals
Snake:1:  layout_rooms, st_stairs_13, minmay_shop_grove, uniq_aizul
Snake:2:  layout_chambers
Snake:3:  layout_cave_shapes, hellmonk_ghost_happy_afterlife,
          portal_ice_cave_entry_ice_simulacra
Snake:4:  snake_pit_salamanders_mu, layout_cave_town, nicolae_snake_boneroom
Orc:1:    layout_caves, serial_shops, shop, shop, nicolae_orc_lava_tube
Orc:2:    st_orc_congregation, layout_caves, uniq_sonja
Vaults:1: nicolae_vaults_trapezoid_lopsided_3, v_misc_17, v_alt_pattern_3,
          nicolae_vaults_bisected_exclaves,
          nicolae_vaults_shipping_containers_4,
          nicolae_vaults_closet_pinwheel_5, ontoclasm_vaults_pinch,
          ontoclasm_vaults_twist, layout_vaults_chaotic_city
Vaults:2: v_misc_28, nicolae_vaults_swerve, nicolae_vaults_layer_cake_slice,
          minmay_crypt_entry_necro_gods, hangedman_vaults_nodes,
          nicolae_vaults_little_ls, nicolae_vaults_inception_scallops,
          grunt_vaults_funnel, ontoclasm_vaults_gateway,
          nicolae_vaults_trapezoid_3, vaults_standard_mumra_x,
          nicolae_vaults_little_squares_1, nicolae_vaults_trapezoid_2,
          layout_vaults_omnibox, serial_shops, bzr_in_the_mist
Vaults:3: vaults_standard_mumra_enter_the_diamond, lemuel_angel_altar,
          dpeg_vaults_monster_row, hangedman_vaults_slice,
          ontoclasm_vaults_ring_square, nicolae_vaults_six-pack,
          vaults_room_hallway, v_misc_15, ontoclasm_vaults_spin,
          abrahamwl_protected_by_tso_1, v_misc_16, vaults_room_door_hall,
          layout_vaults_maze_bifur
Vaults:4: ploomutoo_gammafunk_ghost_potion_laboratory, st_octagons_1,
          nicolae_vaults_theta, nicolae_vaults_sesquioval_fish,
          nicolae_vaults_tetromino_L_1, vaults_room_fours,
          nicolae_vaults_trapezoid_lopsided_3, layout_vaults_omnigrid,
          serial_shops, nicolae_shop_bloodbath_and_beyond
Vaults:5

Skill      XL: |  1  2  3  4  5  6  7  8  9 10 11 12 13 14 15 16 17 18 19 20 21 |
---------------+----------------------------------------------------------------+-----
Axes           | 3 4 5 7 9 12 15 17 18 19 20 21 | 21.6
Shields        | 4 5 8 11 13 16 18 | 18.8
Armour         | 4 5 7 9 11 13 15 19 20 21 22 | 22.0
Fighting       | 4 5 7 9 11 13 15 17 18 19 20 21 22 | 22.8
Dodging        | 4 7 9 11 13 15 16 17 18 19 | 19.1
Evocations     | 3 5 7 |  7.0

Action                     |  1- 3 |  4- 6 |  7- 9 | 10-12 | 13-15 | 16-18 | 19-21 || total
---------------------------+-------+-------+-------+-------+-------+-------+-------++-------
  Melee: War axe           |    59 |   141 |    93 |       |       |       |       ||   293
         Headbutt          |     8 |    12 |    32 |    62 |   172 |   286 |   211 ||   783
         Broad axe         |       |       |   123 |   353 |   817 |  1287 |   701 ||  3281
         Spear             |       |       |       |     8 |       |       |       ||     8
         Hand axe          |       |       |       |       |    29 |       |       ||    29
  Throw: Dart              |       |       |     5 |     5 |    12 |     9 |       ||    31
         Throwing net      |       |       |     1 |       |       |       |       ||     1
         Javelin           |       |       |       |     2 |     6 |       |       ||     8
 Invoke: Heal Self         |       |       |       |       |    13 |     7 |    20 ||    40
         Purification      |       |       |       |       |       |     2 |     2 ||     4
         Divine Vigour     |       |       |       |       |       |       |     2 ||     2
Ability: Evoke Blink       |       |       |       |       |       |     2 |     1 ||     3
  Evoke: Condenser vane    |       |       |       |       |     3 |     1 |     2 ||     6
         Sack of spiders   |       |       |       |       |       |     1 |     1 ||     2
    Use: Scroll            |       |    13 |    11 |     9 |    12 |     6 |    13 ||    64
         Potion            |       |     2 |     1 |     2 |     5 |     7 |    17 ||    34
   Stab: Confused          |       |       |       |       |     1 |       |       ||     1
         Distracted        |       |       |       |       |       |       |     1 ||     1
 Armour: Scale mail        |    47 |   112 |    43 |       |       |       |       ||   202
         Chain mail        |       |       |   154 |    12 |       |       |       ||   166
         Plate armour      |       |       |       |   276 |   610 |   842 |   392 ||  2120
  Dodge: Dodged            |    13 |    42 |   107 |   136 |   329 |   361 |   214 ||  1202
  Block: Buckler           |    14 |    21 |    58 |    91 |   211 |     3 |       ||   398
         Reflection        |       |       |       |       |     9 |   185 |    71 ||   265
         Tower shield      |       |       |       |       |       |  1369 |   867 ||  2236

Table legend: (Time is in decaauts)
 A = Elapsed time spent in this place.
 B = Non-inter-level travel time spent in this place.
 C = Inter-level travel time spent in this place.
 D = Time resting spent in this place.
 E = Time spent auto-exploring this place.
 F = Levels seen in this place.
 G = Mean time per level.
                   A        B        C        D        E       F      G
               +--------+--------+--------+--------+--------+-----+--------+
         Total |  49872 |  47383 |   2489 |   6572 |  32941 |  38 | 1312.4 |
       Dungeon |  16800 |  15416 |   1384 |   1463 |  11643 |  15 | 1120.0 |
        Temple |     14 |     14 |      0 |      0 |      0 |   1 |   14.0 |
          Lair |   6044 |   5599 |    445 |     21 |   4663 |   5 | 1208.8 |
        Shoals |   5874 |   5744 |    130 |   1031 |   3425 |   4 | 1468.5 |
     Snake Pit |   8122 |   7934 |    188 |   1118 |   5727 |   4 | 2030.5 |
  Orcish Mines |   3591 |   3463 |    128 |   1396 |   1530 |   2 | 1795.5 |
        Vaults |   8196 |   7985 |    211 |   1206 |   5456 |   5 | 1639.2 |
        Bazaar |     57 |     57 |      0 |      0 |     27 |   1 |   57.0 |
      Ice Cave |   1170 |   1170 |      0 |    336 |    470 |   1 | 1170.0 |
               +--------+--------+--------+--------+--------+-----+--------+

Top non-repeatable levels by time:
 Snake:4: 3055 daAuts
Vaults:4: 2590 daAuts
Shoals:1: 2088 daAuts
 Snake:2: 1947 daAuts
Shoals:4: 1942 daAuts
   Orc:1: 1880 daAuts
Vaults:3: 1759 daAuts
Vaults:1: 1741 daAuts
   Orc:2: 1710 daAuts
 Snake:3: 1647 daAuts
Vaults:2: 1607 daAuts
    D:11: 1559 daAuts
  Lair:5: 1551 daAuts
    D:14: 1550 daAuts
     D:6: 1492 daAuts
